AoeStats
← Clip it Kidd

Arabia

503603562Analyzed
3v3 RM · 29d ago on Sep 1, 2026· 89m 30s· 6 players
Game mode
Random Map
Map size
Normal (6 player)
Population
200
Speed
Normal
Resources
Standard
Victory
Conquest
Starting age
Dark Age
Ending age
Imperial Age
RankedLock teamsTeams togetherTeam positionsShared explorationLock speedFull tech treeHidden civsTurbo modeCheats
Victory
Defeat
🇦🇺 Mongols · Australia
907
+13
🇦🇺 Maya · Australia
880
+15
🇦🇺 Spanish · Australia
878
+15
🇯🇵 Malay · Japan
892
-16
🇹🇷 Franks · Türkiye
850
-14
🇫🇷 Celts · France
813
-13
green goblin
10:59 Feudal Age
11:39 Double-Bit Axe
15:28 Gold Mining
18:01 Stone Mining
20:19 Castle Age
21:41 Husbandry
22:29 Gold Shaft Mining
22:08 Bow Saw
23:04 Scale Barding Armor
23:12 Forging
25:21 Wheelbarrow
31:45 Chain Barding Armor
32:00 Iron Casting
33:35 Town Watch
34:08 Hand Cart
34:43 Town Patrol
38:33 Imperial Age
37:26 Loom
38:47 Cavalier
40:04 Plate Barding Armor
40:30 Blast Furnace
40:56 Conscription
40:37 Chivalry
40:32 Paladin
43:25 Chemistry
42:46 Ballistics
51:03 Pikeman
51:46 Squires
51:42 Gambesons
52:15 Scale Mail Armor
52:20 Halberdier
62:22 Caravan
76:12 Hoardings
knight
6:26 Loom
10:08 Feudal Age
10:26 Man-at-Arms
13:40 Forging
14:50 Arson
26:08 Castle Age
25:10 Long Swordsman
25:53 Squires
26:30 Iron Casting
30:13 Horse Collar
31:50 Double-Bit Axe
34:56 Wheelbarrow
38:08 Hand Cart
38:39 Gold Mining
41:39 Scale Barding Armor
41:50 Stone Mining
42:39 Gold Shaft Mining
42:09 Heavy Plow
42:33 Husbandry
47:51 Imperial Age
46:33 Bow Saw
48:20 Blast Furnace
47:53 Conscription
48:18 Crop Rotation
52:45 Elite Battle Elephant
67:15 Elite Karambit Warrior
67:53 Fletching
70:12 Caravan
70:24 Bodkin Arrow
73:43 Forced Levy
73:15 Two-Handed Swordsman
78:28 Light Cavalry
x311219
7:32 Loom
10:09 Feudal Age
10:50 Double-Bit Axe
10:48 Horse Collar
18:44 Castle Age
21:08 Fletching
21:28 Forging
21:19 Scale Mail Armor
21:24 Pikeman
21:50 Gambesons
24:44 Fervor
26:13 Arson
26:53 Stronghold
29:09 Stone Mining
29:09 Gold Mining
31:27 Wheelbarrow
30:43 Town Watch
33:33 Murder Holes
35:28 Ballistics
35:16 Bodkin Arrow
35:56 Iron Casting
35:36 Chain Mail Armor
42:47 Wheelbarrow
42:09 Gold Mining
42:55 Stone Shaft Mining
42:23 Heavy Plow
43:16 Treadmill Crane
43:53 Caravan
48:24 Imperial Age
47:24 Gold Shaft Mining
49:26 Stone Shaft Mining
48:28 Elite Woad Raider
50:10 Plate Mail Armor
51:29 Blast Furnace
51:12 Conscription
52:24 Chemistry
52:40 Hoardings
56:19 Siege Engineers
62:24 Furor Celtica
62:44 Onager
63:20 Elite Skirmisher
71:05 Padded Archer Armor
73:22 Leather Archer Armor
74:49 Halberdier
78:07 Bow Saw
80:44 Heavy Scorpion
moldymilk95
0:26 Loom
10:20 Feudal Age
11:08 Double-Bit Axe
19:34 Fletching
21:08 Horse Collar
33:52 Castle Age
34:33 Crossbowman
35:59 Wheelbarrow
37:29 Bodkin Arrow
44:07 Pikeman
46:22 Scale Mail Armor
46:42 Forging
49:41 Iron Casting
49:22 Chain Mail Armor
50:51 Bow Saw
51:51 Squires
55:51 Imperial Age
53:47 Hand Cart
56:41 Halberdier
57:57 Chain Mail Armor
59:45 Blast Furnace
60:53 Plate Mail Armor
64:08 Theocracy
63:49 Block Printing
72:11 Gold Mining
72:11 Stone Mining
73:13 Block Printing
75:28 Theocracy
82:14 Arbalester
82:19 Arbalester
83:38 Heavy Plow
84:37 Thumb Ring
85:51 Bracer
85:52 Padded Archer Armor
Clip it Kidd
7:29 Loom
10:10 Feudal Age
10:41 Double-Bit Axe
12:49 Wheelbarrow
17:37 Bloodlines
20:24 Scale Barding Armor
20:29 Forging
25:33 Castle Age
24:42 Gold Mining
24:42 Stone Mining
25:08 Padded Archer Armor
24:58 Fletching
26:18 Husbandry
26:30 Thumb Ring
27:06 Leather Archer Armor
27:37 Bow Saw
28:31 Horse Collar
29:25 Bodkin Arrow
31:18 Hand Cart
31:17 Town Watch
37:10 Gold Shaft Mining
37:10 Stone Shaft Mining
39:44 Town Patrol
39:50 Heavy Plow
44:50 Imperial Age
42:41 Nomads
46:13 Pikeman
46:41 Elite Mangudai
47:49 Conscription
47:57 Bracer
48:59 Squires
50:17 Drill
51:14 Chemistry
50:38 Ballistics
50:19 Murder Holes
52:01 Siege Engineers
53:39 Parthian Tactics
53:10 Man-at-Arms
53:23 Light Cavalry
54:48 Chain Barding Armor
54:38 Forging
54:26 Hussar
55:43 Caravan
56:13 Coinage
68:37 Banking
Danye9876
13:13 Feudal Age
16:04 Double-Bit Axe
19:11 Castle Age
20:56 Bow Saw
20:43 Horse Collar
27:28 Wheelbarrow
32:54 Husbandry
33:05 Bloodlines
36:07 Forging
36:03 Scale Barding Armor
39:27 Imperial Age
40:43 Conscription
39:48 Cavalier
41:39 Padded Archer Armor
41:40 Stone Mining
42:10 Hand Cart
42:09 Gold Mining
44:17 Two-Man Saw
43:53 Heavy Plow
44:40 Stone Shaft Mining
45:03 Caravan
46:49 Ballistics
47:31 Chemistry
46:17 Elite Conquistador
47:17 Onager
50:45 Paladin
54:06 Chain Barding Armor
54:21 Iron Casting
54:02 Leather Archer Armor
60:46 Blast Furnace
60:22 Plate Barding Armor
60:18 Ring Archer Armor
62:02 Pikeman
62:45 Scale Mail Armor
78:20 Halberdier
Connection lost

Rejoining the realm…

Still unreachable

The connection could not be restored.

Session expired

The server has moved on; the page needs a fresh start.